 Dungeon Crawl Stone Soup version 0.22-a0-425-g89d60a1 (webtiles) character file.

95 incide the Skirmisher (level 4, -8/38 HPs)
             Began as a Demonspawn Wanderer on May 24, 2018.
             Mangled by Sigmund
             ... wielding a +1 scythe of venom
              (10 damage)
             ... on level 4 of the Dungeon.
             The game lasted 00:05:22 (1377 turns).

incide the Skirmisher (Demonspawn Wanderer)         Turns: 1377, Time: 00:05:22

Health: -8/38      AC:  8    Str: 12    XL:     4   Next: 39%
Magic:  4/4        EV:  7    Int: 15    God:
Gold:   108        SH:  8    Dex: 12    Spells: 3/3 levels left

rFire    . . .     SeeInvis .   h - +0 mace
rCold    . . .     Gourm    .   a - +0 shield
rNeg     . . .     Faith    .   o - +0 ring mail (curse)
rPois    .         Spirit   .   (helmet restricted)
rElec    .         Reflect  .   (no cloak)
rCorr    +         Harm     .   (no gloves)
MR       .....                  (no boots)
Stlth    +.........             (no amulet)
HPRegen  0.12/turn              j - +3 ring of protection
MPRegen  0.09/turn              s - ring of resist corrosion

@: lethally poisoned (-8 -> -24)
A: antennae 1, claws 1, demonic guardian 1
a: no special abilities


You were on level 4 of the Dungeon.
You were not hungry.

You visited 1 branch of the dungeon, and saw 4 of its levels.

You collected 108 gold pieces.

Inventory:

Hand Weapons
 d - a +0 club
 h - a +0 mace (weapon)
 q - a +0 blowgun
 t - a +2 vampiric dagger
Missiles
 i - 29 stones (quivered)
 r - 8 poisoned needles
Armour
 a - a +0 shield (worn)
 g - a +0 helmet
 o - a cursed +0 ring mail (worn)
Jewellery
 j - a +3 ring of protection (left claw)
 s - a ring of resist corrosion (right claw)
 v - a +1 ring of evasion
Scrolls
 e - 4 scrolls of teleportation {unknown}
 m - 4 scrolls of identify
 n - a scroll of amnesia {unknown}
 u - a scroll of enchant weapon {unknown}
 x - a scroll of noise {unknown}
Potions
 b - a potion of cancellation {unknown}
 c - 3 potions of lignification
 l - a potion of ambrosia {unknown}
 p - a potion of mutation {!q}
 z - a potion of degeneration {unknown}
Comestibles
 f - a ration


   Skills:
 + Level 4.7 Fighting
   Level 2.6 Bows
 - Level 1.7 Armour
 + Level 2.1 Shields
   Level 1.0 Evocations


You had 3 spell levels left.
You didn't know any spells.
Your spell library contained the following spells:

 Spells                   Type           Power        Failure   Level  Hunger
 Apportation              Tloc           #.....       97%         1    ##.....
 Summon Small Mammal      Summ           #...         97%         1    ##.....
 Animate Skeleton         Necr           N/A          97%         1    ##.....
 Confusing Touch          Hex            #.....       97%         1    ##.....


Dungeon Overview and Level Annotations

Branches:
Dungeon (4/15)
 Temple: D:4-7

Altars:
Sif Muna

Annotations:
D:4 Sigmund


Innate Abilities, Weirdness & Mutations

A weak demonic guardian rushes to your aid.
You have a pair of small antennae on your head.
You have sharp fingernails.


Message History

You are more poisoned.
Wield which item (- for none, * to show all)? (? for menu, Esc to quit)
h - a +0 mace (weapon)
You feel sick.
Okay, then.
You feel sick. You block something's attack.
You miss something.
You feel sick. Something hits you.
You are lethally poisoned!
You closely miss something.
You feel very sick. Something hits you!
* * * LOW HITPOINT WARNING * * *
You miss something.
* * * LOW HITPOINT WARNING * * *
You feel sick. You block something's attack.
You closely miss something.
* * * LOW HITPOINT WARNING * * *
You feel very sick. Something hits you!
You die...

..# #.#
#.# #.#
#.## #<.#
#..# #(.#
#5@#
#....{#
#.......#
........#
......(<.
.......(.
..>....###
......#


You could see a friendly iron imp.

Vanquished Creatures
  Jessica (D:3)
  An adder (D:3)
  An ooze (D:2)
  2 bats
  2 giant cockroaches
  4 goblins
  7 hobgoblins
  3 jackals (D:3)
  4 ball pythons
  5 kobolds
  2 rats
32 creatures vanquished.

Vanquished Creatures (collateral kills)
  A jelly (D:4)
  A kobold (D:3)
2 creatures vanquished.

Grand Total: 34 creatures vanquished

Notes
Turn   | Place    | Note
-------+----------+-------------------------------------------
     0 | D:1      | incide the Demonspawn Wanderer began the quest for the Orb.
     0 | D:1      | incide set off with: a +0 shield, a +0 ring mail, a potion of lignification, a +0 club, a ration
     0 | D:1      | Reached XP level 1. HP: 18/18 MP: 1/1
   198 | D:1      | Gained mutation: A weak demonic guardian rushes to your aid. [demonic ancestry]
   198 | D:1      | Reached XP level 2. HP: 19/24 MP: 2/2
   307 | D:2      | Found a deep blue altar of Sif Muna.
   538 | D:2      | Reached skill level 4 in Fighting
   667 | D:3      | Reached XP level 3. HP: 30/30 MP: 3/3
  1064 | D:3      | Noticed Jessica
  1070 | D:3      | Killed Jessica
  1070 | D:3      | Reached XP level 4. HP: 35/38 MP: 4/4
  1130 | D:4      | Noticed Sigmund
  1151 | D:4      | Gained mutation: You have a pair of small antennae on your head. [potion of mutation]
  1151 | D:4      | Gained mutation: You have sharp fingernails. [potion of mutation]
  1152 | D:4      | HP: 7/38 [poisoned by Sigmund]
  1152 | D:4      | Reached skill level 2 in Shields
  1375 | D:4      | HP: 7/38 [something (11)]
  1377 | D:4      | HP: 2/38 [poisoned by Sigmund]
  1377 | D:4      | Mangled by Sigmund

Vault maps used:
D:1:      dpeg_arrival_water_temple_mockup, minmay_misc_feat_square
D:2:      led_sif_pool, zin_statuary
D:3:      nicolae_overflow_hidden_temple, uniq_ijyb, uniq_jessica
D:4:      chequers_temple_overflow_minitemple, uniq_sigmund, uniq_eustachio

Skill      XL: |  1  2  3  4 |
---------------+-------------+-----
Fighting       | 4 |  4.7
Shields        | 2 |  2.1
Bows           | |  2.6
Armour         | |  1.7
Evocations     | |  1.0

Action                   |  1- 3 |  4- 6 || total
-------------------------+-------+-------++-------
Melee: Mace              |   140 |     9 ||   149
 Fire: Blowgun           |       |     8 ||     8
  Use: Scroll            |     2 |       ||     2
       Potion            |       |     2 ||     2
  Eat: Chunk             |     1 |     1 ||     2
Armor: Ring mail         |    92 |     5 ||    97
Dodge: Dodged            |    59 |     5 ||    64
Block: Shield            |    74 |     8 ||    82

Table legend:
 A = Spawn XP
 B = Non-spawn XP
 C = Spawn XP percentage of total XP
 D = Spawn monster count
 E = Non-spawn monster count
 F = Spawn count percentage of total count
 G = Total turns spent on level
                    A         B        C        D         E        F      G
               +---------+---------+-------+---------+---------+-------+---------
         Total |       0 |     136 |   0.0 |       0 |      34 |   0.0 |  1377
               +---------+---------+-------+---------+---------+-------+---------
           D:1 |       0 |      15 |   0.0 |       0 |       9 |   0.0 |   305
           D:2 |       0 |      24 |   0.0 |       0 |      11 |   0.0 |   360
           D:3 |       0 |      58 |   0.0 |       0 |      13 |   0.0 |   680
           D:4 |       0 |      39 |   0.0 |       0 |       1 |   0.0 |    32
               +---------+---------+-------+---------+---------+-------+---------
